 Dungeon Crawl Stone Soup version 0.30-a0-1016-gfb0d676c02 (webtiles) character file.

Game seed: 8097349562811766720

597 NinjaNoafa the Digger (level 7, -4/51 HPs)
             Began as a Gnoll Earth Elementalist on Apr 6, 2023.
             Was an Initiate of Ashenzari.
             Slain by a gnoll
             ... wielding a +0 whip
             ... led by a gnoll bouda
              (5 damage)
             ... on level 5 of the Dungeon.
             The game lasted 00:05:59 (3146 turns).

NinjaNoafa the Digger (Gnoll Earth Elementalist)    Turns: 3146, Time: 00:05:59

Health: -4/51      AC:  3    Str:  6    XL:     7   Next: 40%
Magic:  11/15      EV: 13    Int: 21    God:    Ashenzari [......]
Gold:   169        SH:  0    Dex: 11    Spells: 9/17 levels left

rFire   . . .      SeeInvis .    a - +0 dagger (elec)
rCold   + . .      Faith    .    (no shield)
rNeg    . . .      Spirit   .    t - +0 robe
rPois   .          Reflect  .    (helmet restricted)
rElec   .          Rampage  .    (no cloak)
rCorr   .                        (no gloves)
Will    .....                    y - +0 pair of boots
Stlth   +++                      (no amulet)
HPRegen 0.28/turn                m - ring of protection from cold
MPRegen 0.14/turn                A - +4 ring of slaying

@: no status effects
A: fangs 1, strong nose, distributed training, antennae 1, clever 1
a: Renounce Religion, Curse Item


You were on level 5 of the Dungeon.
You worshipped Ashenzari.
Ashenzari was noncommittal.
You visited 1 branch of the dungeon, and saw 5 of its levels.

You collected 169 gold pieces.

Inventory:

Hand Weapons
 a - a +0 dagger of electrocution (weapon)
Missiles
 k - 9 boomerangs
 l - 14 poisoned darts
 v - 6 javelins
Armour
 t - a +0 robe (worn)
 y - a +0 pair of boots (worn)
Jewellery
 m - a ring of protection from cold (left hand)
 A - a +4 ring of slaying (right hand)
Wands
 p - a wand of charming (14)
 u - a wand of flame (8)
Scrolls
 c - a scroll of silence {unknown}
 g - a scroll of noise {unknown}
 i - a scroll of enchant weapon {unknown}
 j - 2 scrolls of teleportation {unknown}
 n - a scroll of fog {unknown}
 o - a scroll of vulnerability {unknown}
 q - a scroll of blinking {unknown}
 s - a scroll of enchant armour {unknown}
 w - 2 scrolls of identify {unknown}
 x - a scroll of immolation {unknown}
 z - a scroll of fear {unknown}
Potions
 b - a potion of magic
 d - 2 potions of flight {unknown}
 e - a potion of might {unknown}
 f - 4 potions of mutation
 h - 2 potions of degeneration {unknown}
 r - a potion of brilliance {unknown}


   Skills:
 + Level 2.5 Fighting
 + Level 2.5 Short Blades
 + Level 2.5 Long Blades
 + Level 2.5 Axes
 + Level 2.5 Maces & Flails
 + Level 2.5 Polearms
 + Level 2.5 Staves
 + Level 2.5 Ranged Weapons
 + Level 2.5 Throwing
 + Level 2.5 Armour
 + Level 5.3 Dodging
 + Level 4.9 Stealth
 + Level 2.5 Shields
 + Level 2.5 Unarmed Combat
 + Level 5.6 Spellcasting
 + Level 2.1 Conjurations
 + Level 2.1 Hexes
 + Level 2.1 Summonings
 + Level 2.1 Necromancy
 + Level 2.1 Translocations
 + Level 3.0 Transmutations
 + Level 2.1 Fire Magic
 + Level 2.1 Ice Magic
 + Level 2.1 Air Magic
 + Level 5.8 Earth Magic
 + Level 2.1 Poison Magic
 + Level 2.8 Invocations
 + Level 2.5 Evocations


You had 9 spell levels left.
You knew the following spells:

 Your Spells              Type           Power      Damage    Failure   Level
a - Passwall              Tmut/Erth      20%        N/A       2%          2
b - Stone Arrow           Conj/Erth      44%        3d9       6%          3
c - Cigotuvi's Dreadful   Necr/Pois/Air  28%        N/A       6%          2
i - Sandblast             Erth           60%        2d14      1%          1

Your spell library contained the following spells:

 Spells                   Type           Power      Damage    Failure   Level
 Apportation              Tloc           28%        N/A       4%          1
 Necrotise                Necr           56%        1d6       4%          1
 Summon Small Mammal      Summ           56%        N/A       4%          1
 Dazzling Flash           Conj/Hex       28%        N/A       13%         3
 Petrify                  Tmut/Erth      24%        N/A       16%         4
 Dispel Undead            Necr           14%        3d10      38%         4
 Agony                    Necr           14%        N/A       75%         5
 Silence                  Hex/Air        7%         N/A       75%         5
 Death Channel            Necr           7%         N/A       100%        6


Dungeon Overview and Level Annotations

Branches:
Dungeon (5/15)
 Temple: D:4-7

Altars:
Ashenzari
Qazlal

Annotations:
D:3 2 transporters, Demosthentine's ghost, weakling DsGl
D:5 3 runed translucent doors, ytrimaz's ghost, amateur TrTm


Innate Abilities, Weirdness & Mutations

You have very sharp teeth.
Your uncanny sense of smell can sniff out nearby items.
Your experience applies equally to all skills.
You have a pair of small antennae on your head.
Your mind is acute. (Int +4, Str/Dex -1)


Message History

As you open the door, it creaks loudly!
Found a robe.
There is an open door here.
You open the door.
There is an open door here.
A gnoll comes into view. It is wielding a +0 halberd.
The gnoll shouts!
A gnoll comes into view. It is wielding a +0 whip.
A gnoll bouda comes into view. It is wielding a +0 club.
A gnoll comes into view. It is wielding a +0 spear. x2
The gnoll shouts! x3
The gnoll hits you with a +0 halberd!
The gnoll hits you from afar with a +0 spear!
The gnoll attacks as you move away! The gnoll hits you with a +0 whip.
The gnoll barely misses you.
The blast of sand hits the gnoll!
The gnoll is severely wounded.
The gnoll hits you from afar with a +0 halberd!
* * * LOW HITPOINT WARNING * * *
The gnoll closely misses you.
The gnoll bouda calls upon its god to heal the gnoll.
The gnoll is healed somewhat.
The gnoll misses you. x2
The gnoll hits you from afar with a +0 spear!
* * * LOW HITPOINT WARNING * * *
The gnoll bouda barks out a call to the hunt!
The gnolls pick up the pace!
Aiming: Sandblast (safe; 1% risk of failure)
Press: ? - help, Q - select action, (/) - cycle Shift-Dir - straight line, f/p - gnoll
Aim: a gnoll, wielding a +0 whip (moderately wounded, covering ground quickly, 85% to hit)
The blast of sand hits the gnoll!
The gnoll is almost dead.
The gnoll hits you from afar with a +0 halberd!
* * * LOW HITPOINT WARNING * * *
The gnoll barely misses you. x2
It was a potion of mutation.
You feel extremely strange.
You feel a little pissed off. A pair of antennae grows on your head!
You feel clever.
You feel a little more calm. The gnoll closely misses you.
The gnoll barely misses you. The gnoll hits you with a +0 whip.
You die...

#+###...##....#......#
....#...##....#=.....#
....##'###....#......+
.........#....#......#
<........#....#......#
...<.....#....#......#
.........###+##......#
..................g..#
................@.g..#
....#####.......g.g..#
....#...'............#
....#...#...............
....#...#.................
....#...#..[.........g....
....#####.................
'#.....###'##+#######.....
.#.....#....+.......######


You could see a gnoll bouda and 4 gnolls.

Vanquished Creatures
  A phantom (D:4)
  3 orc priests
  A hound (D:4)
  2 jellies
  2 iguanas (D:5)
  An orc wizard (D:3)
  Natasha (thrice) (D:2)
  7 adders
  A shadow imp (D:5)
  3 worms
  4 dart slugs
  17 orcs
  6 endoplasms
  4 giant cockroaches
  5 goblins
  4 hobgoblins
  3 jackals (D:3)
  4 quokkas
  4 ball pythons
  4 bats
  2 frilled lizards
  8 kobolds
  6 rats
95 creatures vanquished.

Notes
Turn   | Place    | Note
-------+----------+-------------------------------------------
     0 | D:1      | NinjaNoafa the Gnoll Earth Elementalist began the quest for
                  | the Orb.
     0 | D:1      | Reached XP level 1. HP: 13/13 MP: 6/6
   141 | D:1      | Reached XP level 2. HP: 19/19 MP: 4/7
   154 | D:1      | Learned a level 2 spell: Passwall
   561 | D:2      | Noticed Natasha
   567 | D:2      | Killed Natasha
   568 | D:2      | Reached skill level 1 in Fighting
   568 | D:2      | Reached skill level 1 in Short Blades
   568 | D:2      | Reached skill level 1 in Long Blades
   568 | D:2      | Reached skill level 1 in Axes
   568 | D:2      | Reached skill level 1 in Maces & Flails
   568 | D:2      | Reached skill level 1 in Polearms
   568 | D:2      | Reached skill level 1 in Staves
   568 | D:2      | Reached skill level 1 in Ranged Weapons
   568 | D:2      | Reached skill level 1 in Throwing
   568 | D:2      | Reached skill level 1 in Armour
   568 | D:2      | Reached skill level 1 in Shields
   568 | D:2      | Reached skill level 1 in Unarmed Combat
   568 | D:2      | Reached skill level 5 in Spellcasting
   568 | D:2      | Reached skill level 1 in Invocations
   568 | D:2      | Reached skill level 1 in Evocations
   568 | D:2      | Reached XP level 3. HP: 26/26 MP: 0/9
   664 | D:2      | Noticed Natasha
   672 | D:2      | Killed Natasha
   673 | D:2      | Reached XP level 4. HP: 24/32 MP: 8/11
   684 | D:2      | Reached skill level 1 in Conjurations
   684 | D:2      | Reached skill level 1 in Hexes
   684 | D:2      | Reached skill level 1 in Summonings
   684 | D:2      | Reached skill level 1 in Necromancy
   684 | D:2      | Reached skill level 1 in Translocations
   684 | D:2      | Reached skill level 1 in Fire Magic
   684 | D:2      | Reached skill level 1 in Ice Magic
   684 | D:2      | Reached skill level 1 in Air Magic
   684 | D:2      | Reached skill level 1 in Poison Magic
   797 | D:2      | Noticed Natasha
   800 | D:2      | Killed Natasha
   820 | D:2      | Found a faded altar of an unknown god.
  1091 | D:2      | Found a stormy altar of Qazlal.
  1254 | D:2      | Reached XP level 5. HP: 37/37 MP: 9/12
  1314 | D:3      | Found a broken altar of Ashenzari.
  1322 | D:3      | Became a worshipper of Ashenzari the Shackled
  1402 | D:2      | Learned a level 3 spell: Stone Arrow
  1507 | D:3      | Found a transporter.
  1513 | D:3      | Found a transporter.
  1513 | D:3      | Noticed Demosthentine's ghost (weakling DsGl)
  1533 | D:3      | Noticed an ogre
  1812 | D:4      | Reached XP level 6. HP: 40/44 MP: 10/13
  1965 | D:4      | Reached skill level 5 in Dodging
  2424 | D:4      | Reached XP level 7. HP: 50/50 MP: 11/15
  2703 | D:5      | Entered Level 5 of the Dungeon
  2767 | D:5      | Learned a level 2 spell: Cigotuvi's Dreadful Rot
  2808 | D:5      | Found a runed translucent gate.
  2809 | D:5      | Found a runed translucent gate.
  2809 | D:5      | Found a runed translucent gate.
  2811 | D:5      | Noticed ytrimaz's ghost (amateur TrTm)
  2813 | D:5      | Identified the +0 chain mail "Duqavate" {Int+3}
  3145 | D:5      | HP: 1/51 [gnoll/+0 halberd[a gnoll bouda] (11)]
  3146 | D:5      | Gained mutation: You sometimes lose your temper in combat.
                  | [potion of mutation]
  3146 | D:5      | Gained mutation: You have a pair of small antennae on your
                  | head. [potion of mutation]
  3146 | D:5      | Gained mutation: Your mind is acute. (Int +4, Str/Dex -1)
                  | [potion of mutation]
  3146 | D:5      | Lost mutation: You sometimes lose your temper in combat.
                  | [potion of mutation]
  3146 | D:5      | Slain by a gnoll

Illustrated notes

Levels and vault maps discovered:
D:1:      wander_arrival_lonely_grave, layout_loops_ring
D:2:      layout_loops_ring, ebering_ecumenical_altar_webs, basic_altar,
          uniq_natasha
D:3:      layout_loops_ring, nicolae_ashenzari_skybound, gammafunk_ghost_smash
D:4:      layout_basic
D:5:      layout_gridville, minmay_temple_entry_statues_pillars,
          biasface_ghost_orc_armoury, minmay_misc_feat_pillars,
          hangedman_decor_diamond_cutter

Skill      XL: |  1  2  3  4  5  6  7 |
---------------+----------------------+-----
Transmutations | 2 3 |  3.0
Fighting       | 1 2 |  2.5
Short Blades   | 1 2 |  2.5
Long Blades    | 1 2 |  2.5
Axes           | 1 2 |  2.5
Maces & Flails | 1 2 |  2.5
Polearms       | 1 2 |  2.5
Staves         | 1 2 |  2.5
Ranged Weapons | 1 2 |  2.5
Throwing       | 1 2 |  2.5
Armour         | 1 2 |  2.5
Shields        | 1 2 |  2.5
Unarmed Combat | 1 2 |  2.5
Spellcasting   | 5 |  5.6
Invocations    | 1 2 |  2.8
Evocations     | 1 2 |  2.5
Conjurations   | 1 2 |  2.1
Hexes          | 1 2 |  2.1
Summonings     | 1 2 |  2.1
Necromancy     | 1 2 |  2.1
Translocations | 1 2 |  2.1
Fire Magic     | 1 2 |  2.1
Ice Magic      | 1 2 |  2.1
Air Magic      | 1 2 |  2.1
Poison Magic   | 1 2 |  2.1
Dodging        | 5 |  5.3
Stealth        | |  4.9
Earth Magic    | |  5.8

Action                     |  1- 3 |  4- 6 |  7- 9 || total
---------------------------+-------+-------+-------++-------
  Melee: Short sword       |    12 |       |       ||    12
         Bite              |     1 |     1 |     1 ||     3
         Punch             |     1 |     1 |       ||     2
         Rapier            |       |     8 |       ||     8
         Dagger            |       |     5 |     5 ||    10
   Cast: Sandblast         |    24 |    77 |    18 ||   119
         Passwall          |     2 |     3 |     1 ||     6
         Stone Arrow       |       |     4 |     9 ||    13
    Use: Potion            |       |       |     1 ||     1
 Armour: Robe              |     2 |     1 |     3 ||     6
  Dodge: Dodged            |     7 |    27 |    23 ||    57

Table legend: (Time is in decaauts)
 A = Elapsed time spent in this place.
 B = Non-inter-level travel time spent in this place.
 C = Inter-level travel time spent in this place.
 D = Time resting spent in this place.
 E = Time spent auto-exploring this place.
 F = Levels seen in this place.
 G = Mean time per level.
                   A        B        C        D        E       F      G
               +--------+--------+--------+--------+--------+-----+--------+
         Total |   3203 |   2935 |    268 |      0 |   2232 |   5 |  640.6 |
       Dungeon |   3203 |   2935 |    268 |      0 |   2232 |   5 |  640.6 |
               +--------+--------+--------+--------+--------+-----+--------+

Top non-repeatable levels by time:
     D:4: 944 daAuts
     D:2: 699 daAuts
     D:1: 607 daAuts
     D:3: 543 daAuts
     D:5: 409 daAuts
